 Dungeon Crawl Stone Soup version 0.16.2-12-gd0ad4c3 (webtiles) character file.

19251 Peloso the Blocker (level 12, -3/108 HPs)
             Began as a Minotaur Fighter on Oct 1, 2015.
             Was the Champion of Okawaru.
             Slain by a sphinx (12 damage)
             ... while paralysed by a sphinx
             ... on level 12 of the Dungeon.
             The game lasted 00:41:31 (12367 turns).

Peloso the Blocker (Minotaur Fighter)              Turns: 12367, Time: 00:41:31

Health: -3/108     AC: 33    Str: 23    XL:     12   Next: 34%
Magic:  8/9        EV:  2    Int:  9    God:    Okawaru [******]
Gold:   649        SH:  0    Dex: 13    Spells: 0 memorised, 11 levels left

rFire  + . .     SeeInvis +     B - -1 double sword "Lenadewn" {flame, Int+4}
rCold  + . .     Clarity  .     K - +9 armour of the Dragon King {rPois rF+ rC+ MR+} (curse)
rNeg   . . .     SustAb   .     c - +0 shield
rPois  +         Gourm    .     (helmet restricted)
rElec  .         Spirit   .     w - +0 cloak
rCorr  .         Warding  .     J - +1 pair of gloves
rMut   .         Stasis   .     (no boots)
MR     +....                    (no amulet)
Stlth  ..........               t - ring of see invisible
                                g - ring of wizardry

@: paralysed, heroism, slowed, somewhat resistant to hostile enchantments,
extremely unstealthy
A: retaliatory headbutt, horns 2
a: Heroism, Finesse, Renounce Religion


You were on level 12 of the Dungeon.
You worshipped Okawaru.
Okawaru was exalted by your worship.
You were very hungry.

You visited 2 branches of the dungeon, and saw 13 of its levels.
You also visited: Sewer.

You collected 649 gold pieces.

Inventory:

Hand weapons
 a - a +1 long sword
 y - a +1 scimitar of holy wrath
 z - a +1 short sword of speed
 B - the -1 double sword "Lenadewn" (weapon) {flame, Int+4}
   (Okawaru gifted it to you on level 12 of the Dungeon)

   It has been specially enchanted to burn those struck by it, causing extra
   injury to most foes and up to half again as much damage against particularly
   susceptible opponents.
   Big, fiery blades are also staple armaments of hydra-hunters.
   It affects your intelligence (+4).
Armour
 c - a +0 shield (worn)
 w - a +0 cloak (worn)
 J - a +1 pair of gloves (worn)
 K - the cursed +9 armour of the Dragon King (worn) {rPois rF+ rC+ MR+}
   (You found it on level 7 of the Dungeon)

   It protects you from fire.
   It protects you from cold.
   It protects you from poison.
   It affects your resistance to hostile enchantments.
   It has a curse placed upon it.
Jewellery
 g - a ring of wizardry (left hand)
 t - a ring of see invisible (right hand)
Magical devices
 i - a wand of disintegration (15)
 m - a wand of paralysis (0)
 v - a wand of enslavement (13)
 H - a wand of flame (44)
 I - a wand of flame (3)
 P - a wand of digging (12)
 Q - a wand of paralysis (17)
Scrolls
 f - 6 scrolls of teleportation
 h - a scroll of enchant weapon
 k - 2 scrolls of enchant armour
 u - a scroll of random uselessness
 C - 3 scrolls of fear
 F - 3 scrolls of remove curse
 O - 3 scrolls of magic mapping
 R - 3 scrolls of identify
Potions
 e - 2 potions of might
 j - 2 potions of brilliance
 l - 2 potions of heal wounds
 o - a potion of restore abilities
 q - 2 potions of resistance
 r - 2 potions of agility {unknown}
 x - a potion of magic
 A - a potion of haste
 D - 4 potions of curing {unknown}
 G - a potion of berserk rage {unknown}
 N - 2 potions of degeneration {unknown}
Comestibles
 b - 2 chunks of flesh
 d - 11 bread rations
 n - 12 beef jerkies
 p - 4 slices of pizza
 M - 3 meat rations


   Skills:
 + Level 10.8(15.8) Fighting
 + Level 12.6(17.6) Long Blades
 + Level 10.7(15.7) Armour
 + Level 5.4(10.4) Dodging
 + Level 1.0(6.0) Stealth
 + Level 13.7(18.7) Shields
 + Level 2.4 Invocations
 + Level 0.8 Evocations


You had 11 spell levels left.
You didn't know any spells.

Dungeon Overview and Level Annotations

Branches:
Dungeon (12/15)            Temple (1/1) D:5            Lair (0/8) D:10
    Orc (0/4) D:9

Altars:
Ashenzari
Cheibriados
Dithmenos
Elyvilon
Fedhas
Gozag
Kikubaaqudgha
Makhleb
Nemelex Xobeh
Okawaru
Qazlal
Ru
Sif Muna
Trog
Vehumet
Xom
Yredelemnul
Zin
The Shining One

Shops:
D:5 [   D:11 %


Innate Abilities, Weirdness & Mutations

You reflexively headbutt those who attack you in melee.
You have a pair of horns on your head.


Message History

The sphinx is healed somewhat.
Unknown command.
You hit the sphinx but do no damage. You headbutt the sphinx.
The sphinx is heavily wounded.
The sphinx casts a spell.
You suddenly lose the ability to move!
You hear a distant slurping noise.
You hear a squelching noise.
The sphinx hits you.
* * * LOW HITPOINT WARNING * * *
The sphinx hits you but does no damage. x2
The sphinx casts a spell.
Something smites you!
* * * LOW HITPOINT WARNING * * *
The sphinx hits you.
* * * LOW HITPOINT WARNING * * *
The sphinx hits you but does no damage. The sphinx hits you.
* * * LOW HITPOINT WARNING * * *
The sphinx mumbles some strange words.
You resist with some effort. The sphinx hits you!
You die...

.### #..........≈≈≈≈≈>.
.# #.........?.P..... .#
###...........)..... (#
#.......>.(.......... .#
#.....H....(.####### (#
#...........#.5# (#
#...........#DY# )####+#
#)#######...###Tu
))....# #)).H@..#...#
o..
)..(.(######.#.....#...#
..#
.......)....(#.....#...#
#
.............#<....#...#
......)).....#######...#
.......................#
...<.#######..)....###.#
.....# #.......# #.#
###### #####...# #.#


You could see a sphinx.

Vanquished Creatures
  The ghost of Starve the Severer, a powerful MiGl of Okawaru (D:11)
  Harold (D:10)
  2 hydras (D:12)
  Erica (D:10)
  Urug (D:11)
  The ghost of Musteatbrain the Unseen, a powerful SpEn of Dithmenos (D:11)
  Erolcha (D:11)
  2 unseen horrors
  4 hill giants
  2 oklob plants (D:10)
  2 ugly things (D:12)
  Maurice (D:8)
  2 gargoyles (D:12)
  A troll (D:12)
  A hydra zombie (D:12)
  A two-headed ogre (D:11)
  2 deep elf magi
  9 yaks
  A hungry ghost (D:9)
  2 hippogriffs
  A water moccasin (D:10)
  4 sky beasts
  7 orc warriors
  A wasp (D:10)
  An ice beast (D:11)
  2 black bears
  A phantom (D:10)
  5 ogres
  A necrophage (D:12)
  5 big kobolds
  4 centaurs
  2 crocodiles
  3 giant frogs
  A wyvern zombie (D:9)
  6 scorpions
  9 killer bees
  8 wights (D:12)
  4 goliath beetles
  3 electric eels (D:9)
  2 giant frog skeletons
  2 quasits
  A centaur zombie (D:5)
  2 crimson imps
  6 orc priests
  2 centaur skeletons (D:10)
  2 giant frog zombies
  3 hounds
  4 jellies
  An iguana (D:9)
  12 worker ants
  A killer bee zombie (D:9)
  10 orc wizards
  A crocodile zombie (D:12)
  3 hound zombies
  2 hound skeletons
  A mummy (D:8)
  4 gnolls (D:7)
  8 adders
  3 giant mites
  2 river rats (Sewer)
  6 worms
  2 shadow imps
  2 adder skeletons
  An adder zombie (D:6)
  3 giant geckos
  10 oozes
  41 orcs
  5 ball pythons (Sewer)
  20 bats
  3 bat skeletons
  9 giant cockroaches
  12 goblins
  16 hobgoblins
  8 jackals
  27 kobolds
  3 quokkas
  A giant gecko skeleton (D:8)
  4 giant newts
  3 orc zombies (D:12)
  15 rats
  A ballistomycete (D:12)
370 creatures vanquished.

Vanquished Creatures (others)
  A crocodile (D:12)
  2 orcs (D:12)
  2 giant spores (D:12)
  2 ballistomycetes (D:12)
7 creatures vanquished.

Grand Total: 377 creatures vanquished

Notes
Turn   | Place    | Note
--------------------------------------------------------------
     0 | D:1      | Peloso, the Minotaur Fighter, began the quest for the Orb.
     0 | D:1      | Reached XP level 1. HP: 19/19 MP: 1/1
    78 | D:1      | Reached XP level 2. HP: 27/27 MP: 1/1
    78 | D:1      | Reached skill level 4 in Armour
   476 | D:2      | Reached XP level 3. HP: 30/33 MP: 2/2
   664 | D:2      | Found a radiant altar of Vehumet.
   845 | D:2      | Reached XP level 4. HP: 25/40 MP: 2/2
   971 | D:2      | Found a burning altar of Makhleb.
   982 | D:2      | Reached skill level 1 in Dodging
  1326 | D:3      | Found a glowing drain.
  1371 | Sewer    | Entered a sewer
  1392 | Sewer    | Noticed a big kobold
  1392 | Sewer    | Noticed a big kobold
  1411 | Sewer    | Killed a big kobold
  1411 | Sewer    | Reached XP level 5. HP: 30/47 MP: 2/2
  1422 | Sewer    | Killed a big kobold
  1422 | Sewer    | Reached XP level 6. HP: 32/55 MP: 3/3
  1564 | Sewer    | Noticed a big kobold
  1580 | Sewer    | Killed a big kobold
  1697 | Sewer    | Noticed a big kobold
  1706 | Sewer    | Reached skill level 5 in Fighting
  1736 | Sewer    | Killed a big kobold
  1736 | Sewer    | Reached skill level 5 in Armour
  1736 | Sewer    | Reached skill level 5 in Shields
  2109 | D:3      | Reached XP level 7. HP: 57/61 MP: 3/3
  2159 | D:3      | Found a shimmering altar of Xom.
  2480 | D:4      | Found a snail-covered altar of Cheibriados.
  3082 | D:4      | Reached skill level 6 in Shields
  3407 | D:5      | Entered Level 5 of the Dungeon
  3554 | D:5      | Reached skill level 5 in Long Blades
  3954 | D:5      | Found a staircase to the Ecumenical Temple.
  3967 | Temple   | Entered the Ecumenical Temple
  4135 | D:5      | Reached XP level 8. HP: 66/70 MP: 3/3
  4144 | D:5      | Found Seosuit's Armour Shoppe.
  4315 | D:6      | Found a bloodstained altar of Trog.
  4497 | D:6      | Found a shattered altar of Ashenzari.
  4497 | D:6      | Found a sparkling altar of Nemelex Xobeh.
  4765 | D:6      | Reached skill level 7 in Shields
  5117 | D:7      | Reached skill level 5 in Dodging
  5587 | D:7      | Found a blossoming altar of Fedhas.
  5646 | D:7      | Reached skill level 1 in Stealth
  5705 | D:7      | Reached skill level 8 in Shields
  5718 | D:7      | Found a glowing silver altar of Zin.
  5719 | D:7      | Found a glowing golden altar of the Shining One.
  6453 | D:8      | Noticed Maurice
  6496 | D:8      | Killed Maurice
  6496 | D:8      | Reached XP level 9. HP: 70/78 MP: 4/4
  6546 | D:8      | Found a deep blue altar of Sif Muna.
  6899 | D:8      | Reached skill level 9 in Shields
  7149 | D:9      | Found an iron altar of Okawaru.
  7163 | D:9      | Became a worshipper of Warmaster Okawaru
  7300 | D:9      | Acquired Okawaru's first power
  7300 | D:9      | Reached skill level 10 in Shields
  7735 | D:9      | Reached XP level 10. HP: 65/86 MP: 4/4
  8303 | D:9      | Found a staircase to the Orcish Mines.
  8699 | D:10     | Entered Level 10 of the Dungeon
  8833 | D:10     | Reached skill level 11 in Shields
  9013 | D:10     | Noticed an oklob plant
  9119 | D:10     | Found a staircase to the Lair.
  9119 | D:10     | Noticed an oklob plant
  9407 | D:10     | Killed an oklob plant
  9655 | D:10     | Noticed Harold
  9680 | D:10     | Killed Harold
  9904 | D:10     | Killed an oklob plant
  9904 | D:10     | Reached skill level 1 in Invocations
  9978 | D:10     | Reached skill level 10 in Long Blades
 10156 | D:10     | Noticed a hill giant
 10165 | D:10     | Killed a hill giant
 10165 | D:10     | Reached skill level 12 in Shields
 10165 | D:10     | Reached XP level 11. HP: 64/95 MP: 5/6
 10380 | D:10     | Noticed Erica
 10398 | D:10     | Killed Erica
 11256 | D:11     | Noticed Musteatbrain's ghost (powerful SpEn)
 11307 | D:11     | Killed Musteatbrain's ghost
 11315 | D:11     | Noticed Starve's ghost (powerful MiGl)
 11344 | D:11     | Killed Starve's ghost
 11379 | D:11     | Noticed an unseen horror
 11387 | D:11     | Killed an unseen horror
 11488 | D:11     | Noticed a hill giant
 11496 | D:11     | Killed a hill giant
 11496 | D:11     | Reached skill level 10 in Armour
 11520 | D:11     | Found Faiwegh's Food Shop.
 11537 | D:11     | Noticed Urug
 11562 | D:11     | Killed Urug
 11562 | D:11     | Acquired Okawaru's second power
 11699 | D:11     | Noticed Erolcha
 11716 | D:11     | Killed Erolcha
 11838 | D:12     | Reached skill level 10 in Fighting
 11844 | D:12     | Noticed a seven-headed hydra
 11856 | D:12     | Killed a two-headed hydra
 11856 | D:12     | Reached skill level 13 in Shields
 12026 | D:12     | Reached XP level 12. HP: 106/106 MP: 9/9
 12128 | D:12     | Noticed a hill giant
 12141 | D:12     | Killed a hill giant
 12166 | D:12     | Noticed a hill giant
 12178 | D:12     | Killed a hill giant
 12178 | D:12     | Received a gift from Okawaru
 12181 | D:12     | Got a faintly glowing double sword {god gift}
 12182 | D:12     | Identified the -1 double sword "Lenadewn" {flame, Int+4} (Okawaru gifted it to you on level 12 of the Dungeon)
 12216 | D:12     | Noticed an unseen horror
 12221 | D:12     | Noticed a five-headed hydra
 12244 | D:12     | Killed an unseen horror
 12257 | D:12     | Killed a one-headed hydra
 12342 | D:12     | Noticed a sphinx
 12363 | D:12     | Paralysed by a sphinx for 6 turns
 12367 | D:12     | Slain by a sphinx

Action                   |  1- 3 |  4- 6 |  7- 9 | 10-12 || total
-------------------------+-------+-------+-------+-------++-------
Melee: Long sword        |    98 |   263 |   644 |   151 ||  1156
       Scimitar          |       |       |       |   449 ||   449
       Double sword      |       |       |       |    68 ||    68
Invok: Heroism           |       |       |       |     8 ||     8
Evoke: Wand              |       |       |       |     9 ||     9
  Use: Scroll            |       |       |    15 |     3 ||    18
       Potion            |       |       |       |     3 ||     3
  Eat: Chunk             |       |     5 |    18 |    14 ||    37
       Royal jelly       |       |       |       |     1 ||     1
